 Dungeon Crawl Stone Soup version 0.16.2-2-g470672f (webtiles) character file.

254 dvd the Conjurer (level 5, -5/28 HPs)
             Began as a Deep Elf Conjurer on Aug 30, 2015.
             Slain by an orc warrior
             ... wielding a +0 scimitar
              (17 damage)
             ... on level 3 of the Dungeon.
             The game lasted 00:28:06 (3429 turns).

dvd the Conjurer (Deep Elf Conjurer)                Turns: 3429, Time: 00:28:06

Health: -5/28      AC:  5    Str:  5    XL:     5   Next: 91%
Magic:  3/18       EV: 14    Int: 21    God:
Gold:   90         SH:  0    Dex: 15    Spells: 4 memorised, 3 levels left

rFire  . . .     SeeInvis .     u - +3 quarterstaff (chaos)
rCold  . . .     Clarity  .     a - +0 robe
rNeg   + . .     SustAb   .     (no shield)
rPois  .         Gourm    .     s - +0 helmet
rElec  .         Spirit   .     v - +1 cloak
rCorr  .         Warding  .     (no gloves)
rMut   .         Stasis   .     (no boots)
MR     .....                    (no amulet)
Stlth  ++........               (no ring)
                                g - ring of positive energy

@: not resistant to hostile enchantments, unstealthy
A: no striking features
a: no special abilities


You were on level 3 of the Dungeon.
You were hungry.

You visited 1 branch of the dungeon, and saw 3 of its levels.

You collected 90 gold pieces.

Inventory:

Hand weapons
 f - a +0 dagger
 u - a +3 quarterstaff of chaos (weapon)
Armour
 a - a +0 robe (worn)
 s - a +0 helmet (worn)
 v - a +1 cloak (worn)
Jewellery
 g - a ring of positive energy (left hand)
 k - an uncursed ring of teleportation
Magical devices
 d - a wand of invisibility (3)
 t - a wand of magic darts (24)
Scrolls
 h - a scroll of identify
 i - a scroll of remove curse
Potions
 e - 2 potions of agility {unknown}
 n - 3 potions of cancellation {unknown}
 o - 2 potions of curing {unknown}
 p - a potion of heal wounds
Books
 c - a book of Conjurations

   Spells                             Type                      Level
   a - Magic Dart                     Conjuration                  1
   b - Searing Ray                    Conjuration                  2
   c - Dazzling Spray                 Conjuration/Hexes            3
   d - Fulminant Prism                Conjuration/Hexes            4
   e - Iskenderun's Mystic Blast      Conjuration                  4
   f - Iskenderun's Battlesphere      Conjuration/Charms           5
Comestibles
 b - 3 bread rations
 j - 3 meat rations
 m - 2 beef jerkies


   Skills:
 + Level 0.4 Fighting
 + Level 0.2 Staves
 + Level 3.9 Dodging
 + Level 3.5 Stealth
 + Level 4.8 Spellcasting
 + Level 6.0 Conjurations


You had 3 spell levels left.
You knew the following spells:

 Your Spells              Type           Power        Failure   Level  Hunger
a - Magic Dart            Conj           ####         1%          1    None
b - Searing Ray           Conj           ####..       1%          2    None
c - Dazzling Spray        Conj/Hex       ###.....     12%         3    ##.....
d - Iskenderun's Mystic   Conj           ####....     12%         4    ####...


Dungeon Overview and Level Annotations

Branches:
Dungeon (3/15)

Altars:
Ashenzari
Vehumet
Yredelemnul


Message History

The orb of energy hits the orc warrior.
The orc warrior is almost dead.
The orb of energy explodes!
You are feeling hungry.
The orc warrior hits you with a scimitar.
* * * LOW HITPOINT WARNING * * *
Press: ? - help, v - describe, . - travel The floor.
Casting: Iskenderun's Mystic Blast
Confirm with . or Enter, or press ? or * to list all spells.
Aiming: Searing Ray
Press: ? - help, Shift-Dir - straight line, f - orc warrior
Aim: an orc warrior, wielding a scimitar and wearing a plate armour (almost dead)
The searing ray hits the orc warrior.
The orc warrior is almost dead.
The searing ray hits the orc warrior.
The orc warrior is almost dead.
The orc warrior hits you with a scimitar!
Ouch! That really hurt!
You die...

#.# #............ #.#
##.##........ #.##
#...######## #..#
######ss..### ##.#
#....##.#...# ##.##
#....#.....##
##...###....########
##.#.#.##.........#..
##.##@##.#...>...##...
#.###o###........##.#.
##.##.##.#.......##.#.
##.#.#.########......
##...## ####.## ##.##
#.# #.# #.# #.######
#.# #.##...########.#


You could see an orc warrior.

Vanquished Creatures
  The ghost of dvd the Sneak, an average SpEn (D:3)
  Crazy Yiuf (D:2)
  An orc wizard (D:3)
  Jessica (D:2)
  Robin (D:2)
  A gnoll (D:2)
  3 adders
  A worm (D:2)
  3 giant geckos
  2 orcs (D:3)
  2 giant cockroaches
  11 hobgoblins
  2 jackals (D:2)
  2 quokkas
  6 bats
  7 giant newts
  15 goblins
  5 kobolds
  6 rats
71 creatures vanquished.

Notes
Turn   | Place    | Note
--------------------------------------------------------------
     0 | D:1      | dvd, the Deep Elf Conjurer, began the quest for the Orb.
     0 | D:1      | Reached XP level 1. HP: 10/10 MP: 5/5
   298 | D:1      | Reached XP level 2. HP: 6/15 MP: 3/8
   507 | D:1      | Learned a level 2 spell: Searing Ray
  1117 | D:2      | Noticed Robin
  1178 | D:1      | Reached skill level 5 in Conjurations
  1451 | D:2      | Reached XP level 3. HP: 19/19 MP: 8/11
  1562 | D:2      | Learned a level 3 spell: Dazzling Spray
  1629 | D:2      | Found a radiant altar of Vehumet.
  1922 | D:2      | Noticed Jessica
  1949 | D:2      | Killed Jessica
  1949 | D:2      | Reached XP level 4. HP: 15/24 MP: 0/14
  2400 | D:2      | Killed Robin
  2603 | D:2      | Found a basalt altar of Yredelemnul.
  2638 | D:2      | Learned a level 4 spell: Iskenderun's Mystic Blast
  2661 | D:2      | Noticed Crazy Yiuf
  2672 | D:2      | Killed Crazy Yiuf
  2978 | D:2      | Reached XP level 5. HP: 28/28 MP: 16/18
  3168 | D:3      | Found a shattered altar of Ashenzari.
  3173 | D:3      | Saw a vision of the Shoals and the Spider Nest.
  3173 | D:3      | Noticed a siren
  3173 | D:3      | Noticed a merfolk
  3173 | D:3      | Noticed a merfolk
  3173 | D:3      | Noticed a sea snake
  3173 | D:3      | Noticed a merfolk
  3175 | D:3      | Noticed a merfolk
  3175 | D:3      | Noticed a merfolk
  3175 | D:3      | Noticed a redback
  3178 | D:3      | Noticed a redback
  3224 | D:3      | Noticed dvd's ghost (average SpEn)
  3227 | D:3      | Killed dvd's ghost
  3227 | D:3      | Reached skill level 6 in Conjurations
  3377 | D:3      | Noticed an orc warrior
  3429 | D:3      | Slain by an orc warrior

Action                   |  1- 3 |  4- 6 || total
-------------------------+-------+-------++-------
Melee: Unarmed           |     5 |       ||     5
       Dagger            |       |     3 ||     3
       Quarterstaff      |       |     6 ||     6
 Cast: Magic Dart        |    40 |    31 ||    71
       Searing Ray       |    11 |     9 ||    20
       Dazzling Spray    |       |     2 ||     2
       Iskenderun's Myst |       |     5 ||     5
  Use: Scroll            |     4 |     2 ||     6
 Stab: Sleeping          |       |     3 ||     3
  Eat: Chunk             |     2 |     2 ||     4
       Bread ration      |     1 |       ||     1
